 Dungeon Crawl Stone Soup version 0.16-a0-691-g21e4870 (webtiles) character file.

14255 PolkaDot the Martial Artist (level 11, -4/86 HPs)
             Began as a Grey Draconian Transmuter on Sept 19, 2014.
             Was an Elder of Okawaru.
             Killed from afar by Josephine (27 damage)
             ... with a ghostly fireball
             ... on Level 10 of the Dungeon.
             The game lasted 01:40:10 (14794 turns).

PolkaDot the Martial Artist (DrTm)                 Turns: 14794, Time: 01:40:10

HP  -4/86        AC 19     Str 10      XL: 11   Next: 86%
MP  17/17        EV 19     Int 16      God: Okawaru [****..]
Gold 769         SH  0     Dex 18      Spells:  4 memorised,  4 levels left

rFire  . . .     SeeInvis .       - Unarmed
rCold  . . .     Clarity  .     (armour unavailable)
rNeg   . . .     rCorr    .     (no shield)
rPois  .         rRot     .     t - +0 hat "Fasegy" {Str-3 Int+2}
rElec  .         Spirit   .     B - +1 cloak
SustAb .         Warding  .     V - +0 pair of gloves
rMut   .         Stasis   .     (no boots)
Gourm  .                        q - amulet of faith
MR     .....                    Q - +4 ring of protection
                                v - +4 ring of dexterity

@: heroism, not resistant to hostile enchantments, fairly stealthy
A: walk through water, unfitting armour, unbreathing, cold-blooded, AC +12
a: Heroism, Renounce Religion


You were on level 10 of the Dungeon.
You worshipped Okawaru.
Okawaru was greatly pleased with you.
You were hungry.

You visited 2 branches of the dungeon, and saw 11 of its levels.
You also visited: Ossuary and Bailey.

You collected 769 gold pieces.

Inventory:

Missiles
 b - 24 arrows
 e - 17 arrows of frost
 g - 7 poisoned tomahawks
 o - a throwing net
 y - 16 tomahawks (quivered)
Armour
 t - the +0 hat "Fasegy" (worn) {Str-3 Int+2}
   (You found it on level 9 of the Dungeon)

   It affects your strength (-3).
   It affects your intelligence (+2).
 B - a +1 cloak (worn)
 V - a +0 pair of gloves (worn)
Magical devices
 j - a wand of slowing (12)
 w - a wand of disintegration (3)
 M - a wand of flame (13)
 S - a wand of teleportation (1)
 W - a wand of disintegration (5)
Comestibles
 a - 8 bread rations
 s - a royal jelly
 z - a meat ration
 K - a beef jerky
 O - 2 slices of pizza
 R - a fruit
Scrolls
 f - a scroll of remove curse
 h - a scroll of fear {unknown}
 k - a scroll of immolation
 n - a scroll of enchant armour {unknown}
 p - 2 scrolls of amnesia
 E - a scroll of random uselessness {unknown}
 H - 4 scrolls of enchant weapon
 L - a scroll of fog {unknown}
Jewellery
 c - an uncursed amulet of resist corrosion {unknown}
 l - an uncursed ring of teleport control
 q - an amulet of faith (around neck)
 v - a +4 ring of dexterity (left hand)
 C - an uncursed ring of positive energy
 I - an uncursed ring of sustain abilities
 Q - a +4 ring of protection (right hand)
 Y - an uncursed ring of protection from cold
Potions
 i - 2 potions of confusion {unknown}
 r - a potion of invisibility
 u - a potion of brilliance {unknown}
 x - a potion of magic
 A - a potion of restore abilities
 D - a potion of cure mutation {unknown}
 F - a potion of haste {unknown}
 J - a potion of lignification {unknown}
 T - a potion of agility
 U - a potion of resistance {unknown}
Books
 d - a book of Changes

   Spells                             Type                      Level
   *Beastly Appendage                 Transmutation                1
   *Sticks to Snakes                  Transmutation                2
   Spider Form                        Transmutation/Poison         3
   *Ice Form                          Ice/Transmutation            4
   Blade Hands                        Transmutation                5
 m - a book of Wizardry

   Spells                             Type                      Level
   Agony                              Necromancy                   5
   Force Lance                        Conjuration                  5
   Dispersal                          Translocation                6
   Haste                              Charms                       6
   Invisibility                       Hexes                        6
   Spellforged Servitor               Conjuration/Summoning        7
 P - a book of Necromancy

   Spells                             Type                      Level
   Pain                               Necromancy                   1
   Animate Skeleton                   Necromancy                   1
   Vampiric Draining                  Necromancy                   3
   *Regeneration                      Charms/Necromancy            3
   Animate Dead                       Necromancy                   4
   Control Undead                     Necromancy                   4


   Skills:
 - Level 5.0(10.0) Fighting
 + Level 4.4(9.4) Dodging
 * Level 14.7(19.7) Unarmed Combat
 - Level 2.0 Spellcasting
 + Level 7.6 Transmutations
 - Level 7.0 Ice Magic


You had 4 spell levels left.
You knew the following spells:

 Your Spells              Type           Power        Failure   Level  Hunger
a - Beastly Appendage     Trmt           ####..       1%          1    #......
i - Ice Form              Ice/Trmt       ####....     12%         4    #####..
r - Regeneration          Chrm/Necr      #.........   65%         3    ####...
s - Sticks to Snakes      Trmt           ####......   1%          2    ###....


Dungeon Overview and Level Annotations

Branches:
Dungeon (10/15)            Temple (1/1) D:5             Orc (0/4) D:10
   Lair (0/8) D:10

Altars:
Ashenzari
Cheibriados
Dithmenos
Elyvilon
Fedhas
Gozag
Kikubaaqudgha
Makhleb
Nemelex Xobeh
Okawaru
Qazlal
Ru
Sif Muna
Trog
Vehumet
Xom
Yredelemnul
Zin
The Shining One
Beogh

Shops:
D:8 }   D:10 =

Portals:
Trove: D:10 (give +3 gold dragon armour)

Annotations:
D:10 Josephine


Innate Abilities, Weirdness & Mutations

You can walk through water.
Your dull iron-grey scales are very hard (AC +12).
Your body does not fit into most forms of armour.
You can survive without breathing.
Your cold-blooded metabolism reacts poorly to cold.


Message History

You feel sick.
You are no longer poisoned.
Casting: Beastly Appendage
Confirm with . or Enter, or press ? or * to list all spells.
You extend your transformation's duration.
Use which ability? (? or * to list)
You gain the combat prowess of a mighty hero.
You feel slightly more hungry.
A wyvern comes into view.
Your transformation is almost over.
You punch the orc!
You kill the orc!
Okawaru accepts your kill.
Your talons disappear.
Josephine gestures at you while chanting.
The ghostly flame explodes!
The ghostly fireball engulfs you!
* * * LOW HITPOINT WARNING * * *
Josephine casts a spell at you.
The ghostly flame explodes!
The ghostly fireball engulfs you!
You die...

*,,...≈≈≈≈≈≈...# #............
**...≈≈≈≈≈≈(...# #............
#..)≈≈≈≈≈.P...# #............
#.P≈≈≈≈≈..P...# #............
##..≈≈≈≈.....#.## #............
#...≈≈≈≈..#..#..# #.......>....
#.P.≈≈≈...#..#..###............
#...≈≈≈.(##..#...##............
#....≈≈..##..#@#.##............
#....≈≈P.##..#)#...............
#....P.P.##..#.#..≈≈≈≈≈≈≈......
#...P...###..#.#..≈#####≈......
#...##### #..#.##.≈#..)#≈.)....
#...#######..#@##.≈.S).#≈.....<
#........@...#.##.≈#...#≈......
#.Z.Z.@.o....#.##.≈#####≈......
#..########o.#.##.≈≈≈≈≈≈≈......


You could see Josephine.

Vanquished Creatures
  Erica (D:10)
  A centaur warrior (D:9)
  Erolcha (D:10)
  The ghost of Ladykiller69 the Conjurer, an experienced DECj of Vehumet (D:9)
  Pikel (D:5)
  2 hill giants
  An oklob plant (D:10)
  A manticore (D:9)
  Maurice (D:10)
  Joseph (D:7)
  A guardian mummy (D:10)
  Grinder (D:4)
  2 trolls (D:10)
  A spriggan (D:7)
  6 yaks (D:9)
  3 hungry ghosts
  Eustachio (D:7)
  3 hippogriffs
  A deep elf mage (D:9)
  A hill giant skeleton (D:8)
  A water moccasin (D:10)
  3 sky beasts
  A necrophage (D:6)
  3 ice beasts
  3 black bears
  14 orc warriors
  A centaur (D:6)
  5 ogres
  A phantom (D:9)
  Sigmund (D:6)
  5 giant frogs
  An elf zombie (D:6)
  Blork the orc (D:4)
  A cyclops zombie (D:10)
  A big kobold (D:9)
  4 scorpions
  5 wights (D:7)
  4 killer bees (D:9)
  2 hippogriff skeletons
  A yak skeleton (D:10)
  3 goliath beetles
  3 crimson imps
  4 hounds
  2 human zombies (D:6)
  A giant frog zombie (D:10)
  3 jellies
  A quasit (D:7)
  Crazy Yiuf (D:7)
  A two-headed ogre skeleton (D:7)
  An orc priest (D:3)
  A human skeleton (D:6)
  10 worker ants
  Natasha (thrice) (D:6)
  A centaur skeleton (D:4)
  2 iguanas
  8 orc wizards
  3 big kobold zombies (Ossuary)
  Ijyb (D:7)
  An ogre skeleton (D:10)
  A hound skeleton (D:7)
  2 mummies (Ossuary)
  2 worker ant zombies (D:6)
  6 adders
  11 gnolls
  A giant mite (D:6)
  2 goliath beetle zombies (D:6)
  2 worms
  2 shadow imps (D:10)
  9 adder zombies (Ossuary)
  6 giant geckos
  40 orcs
  16 bats
  3 bat skeletons
  A bat zombie (D:6)
  4 giant cockroaches
  12 hobgoblins
  22 jackals
  18 kobolds
  An ooze (D:3)
  4 quokkas
  3 giant newts (D:1)
  3 gnoll zombies (Ossuary)
  13 goblins
  3 hobgoblin skeletons
  5 hobgoblin zombies
  3 kobold skeletons (D:6)
  7 kobold zombies (Ossuary)
  An orc skeleton (D:6)
  4 orc zombies
  A quokka zombie (D:5)
  16 rats
  A ballistomycete (D:5)
  A fungus (D:7)
  2 plants
367 creatures vanquished.

Vanquished Creatures (collateral kills)
  An ogre (D:4)
  2 goblins (D:10)
3 creatures vanquished.

Vanquished Creatures (others)
  An electric eel (D:10)
  A giant spore (D:5)
  2 plants (D:7)
4 creatures vanquished.

Grand Total: 374 creatures vanquished

Notes
Turn   | Place    | Note
--------------------------------------------------------------
     0 | D:1      | PolkaDot, the Draconian Transmuter, began the quest for the Orb.
     0 | D:1      | Reached XP level 1. HP: 16/16 MP: 3/3
   378 | D:1      | Reached XP level 2. HP: 14/23 MP: 2/4
   509 | D:1      | Learned a level 2 spell: Sticks to Snakes
  1026 | D:2      | Reached skill level 4 in Unarmed Combat
  1207 | D:2      | Reached XP level 3. HP: 17/28 MP: 6/6
  2127 | D:3      | Noticed an ogre
  2178 | D:3      | Reached XP level 4. HP: 30/35 MP: 7/7
  2315 | D:3      | Killed an ogre
  2315 | D:3      | Reached skill level 5 in Unarmed Combat
  2315 | D:3      | Reached XP level 5. HP: 39/42 MP: 2/9
  2868 | D:3      | Found a basalt altar of Yredelemnul.
  2869 | D:3      | Found a glowing golden altar of the Shining One.
  2869 | D:3      | Found an ancient bone altar of Kikubaaqudgha.
  2870 | D:3      | Found a burning altar of Makhleb.
  2872 | D:3      | Found a bloodstained altar of Trog.
  3053 | D:3      | Reached skill level 6 in Unarmed Combat
  3244 | D:4      | Reached XP level 6. HP: 40/51 MP: 8/10
  3353 | D:4      | Noticed an ogre
  3371 | D:4      | Killed an ogre
  3466 | D:4      | HP: 2/51 [gnoll/glowing spear (8)]
  3866 | D:4      | Noticed Grinder
  3868 | D:4      | Noticed Blork the orc
  3869 | D:4      | Noticed an ogre
  4164 | D:4      | Killed an ogre
  4164 | D:4      | Reached skill level 7 in Unarmed Combat
  4164 | D:4      | Your scales start taking on a dull iron-grey colour.
  4164 | D:4      | Gained mutation: You can survive without breathing. [draconian maturity]
  4164 | D:4      | Reached XP level 7. HP: 59/59 MP: 10/12
  4210 | D:4      | Killed Blork the orc
  4280 | D:4      | Paralysed by Grinder for 2 turns
  4287 | D:4      | Killed Grinder
  4287 | D:4      | Reached skill level 8 in Unarmed Combat
  4524 | D:5      | Entered Level 5 of the Dungeon
  4580 | D:5      | Found a staircase to the Ecumenical Temple.
  4599 | D:5      | Reached skill level 5 in Fighting
  4620 | Temple   | Entered the Ecumenical Temple
  4731 | Temple   | Became a worshipper of Warmaster Okawaru
  5097 | D:5      | Noticed Pikel
  5118 | D:5      | Killed Pikel
  5118 | D:5      | Acquired Okawaru's first power
  5118 | D:5      | Reached skill level 9 in Unarmed Combat
  5118 | D:5      | Reached XP level 8. HP: 57/68 MP: 13/13
  5635 | D:6      | Got a steaming flail
  5636 | D:6      | Identified the +4 flail of Defiance {crush, +Rage rF+} (You found it on level 6 of the Dungeon)
  5642 | D:6      | Noticed Natasha
  5658 | D:6      | Killed Natasha
  5680 | D:6      | Got a jewelled long sword
  5681 | D:6      | Identified the +7 long sword "Staun" {slice, Dex+1 Int-3} (You found it on level 6 of the Dungeon)
  5734 | D:6      | Found a sand-covered staircase.
  5819 | Ossuary  | Entered an ossuary
  6045 | Ossuary  | Reached skill level 10 in Unarmed Combat
  6209 | D:6      | Learned a level 4 spell: Ice Form
  6297 | D:6      | Noticed Sigmund
  6310 | D:6      | Killed Sigmund
  6349 | D:6      | Reached XP level 9. HP: 74/74 MP: 14/14
  6369 | D:6      | Reached skill level 1 in Ice Magic
  6410 | D:6      | Reached skill level 5 in Transmutations
  6909 | D:6      | Noticed Natasha
  6918 | D:6      | Killed Natasha
  7506 | D:7      | Noticed Joseph
  7525 | D:7      | Killed Joseph
  7525 | D:7      | Reached skill level 11 in Unarmed Combat
  7631 | D:7      | Noticed Eustachio
  7669 | D:7      | Killed Eustachio
  7791 | D:7      | Noticed a hill giant
  8093 | D:6      | Noticed Natasha
  8098 | D:6      | Killed Natasha
  8197 | D:7      | Noticed Ijyb
  8215 | D:7      | Killed Ijyb
  8676 | D:7      | Killed a hill giant
  8676 | D:7      | Reached XP level 10. HP: 53/81 MP: 12/16
  8773 | D:7      | Reached skill level 12 in Unarmed Combat
  8850 | D:7      | Noticed Crazy Yiuf
  8854 | D:7      | Killed Crazy Yiuf
  8941 | D:8      | Found a burning altar of Makhleb.
  8991 | D:8      | Found a white marble altar of Elyvilon.
  9005 | D:8      | Found Gadodiq's Gadget Shop.
  9056 | D:8      | Reached skill level 5 in Ice Magic
  9471 | D:8      | Identified the Grimoire of Cold
  9771 | D:9      | Noticed Ladykiller69's ghost (experienced DECj)
  9775 | D:9      | Noticed a centaur warrior
  9777 | D:9      | Killed Ladykiller69's ghost
  9779 | D:9      | Killed a centaur warrior
  9779 | D:9      | Reached skill level 13 in Unarmed Combat
  9832 | D:9      | Noticed a manticore
  9995 | D:9      | Reached XP level 11. HP: 52/86 MP: 15/17
 10142 | D:9      | Killed a manticore
 11138 | D:9      | Found a sparkling altar of Nemelex Xobeh.
 11272 | D:9      | Got a bloodstained hat
 11278 | D:9      | Identified the +0 hat "Fasegy" {Str-3 Int+2} (You found it on level 9 of the Dungeon)
 11398 | D:10     | Entered Level 10 of the Dungeon
 11400 | D:10     | Noticed Maurice
 11418 | D:10     | Killed Maurice
 11418 | D:10     | Reached skill level 14 in Unarmed Combat
 11461 | D:10     | Found Xeomaeg's Jewellery Emporium.
 11495 | D:10     | Found a flagged portal.
 11495 | D:10     | Noticed Erolcha
 11503 | Bailey   | Entered a bailey
 12985 | Bailey   | Learned a level 3 spell: Regeneration
 12993 | D:10     | Paralysed by Erolcha for 6 turns
 13005 | D:10     | Paralysed by Erolcha for 2 turns
 13372 | D:10     | Killed Erolcha
 13487 | D:10     | Noticed a hill giant
 13495 | D:10     | Killed a hill giant
 13520 | D:10     | Found a staircase to the Orcish Mines.
 13657 | D:10     | Found a portal to a secret trove of treasure.
 13971 | D:10     | Noticed Erica
 13987 | D:10     | Killed Erica
 14297 | D:10     | Got a crude long sword
 14298 | D:10     | Identified the cursed -2 long sword of Cihi Grow {slice, +Rage Int+2} (You found it on level 10 of the Dungeon)
 14429 | D:10     | Found a staircase to the Lair.
 14702 | D:10     | Found a roughly hewn altar of Beogh.
 14708 | D:10     | Noticed Josephine
 14794 | D:10     | Killed from afar by Josephine

Action                   |  1- 3 |  4- 6 |  7- 9 | 10-12 || total
-------------------------+-------+-------+-------+-------++-------
Melee: Unarmed           |   163 |   153 |   475 |   557 ||  1348
Throw: Throwing net      |       |     1 |     5 |       ||     6
       Tomahawk          |       |       |    15 |    17 ||    32
 Cast: Beastly Appendage |    19 |    23 |    46 |    49 ||   137
       Sticks to Snakes  |       |    12 |       |    17 ||    29
       Ice Form          |       |       |       |     3 ||     3
Invok: Heroism           |       |       |     4 |    18 ||    22
Evoke: Wand              |       |       |       |     3 ||     3
  Use: Potion            |       |     3 |     7 |    10 ||    20
       Scroll            |       |     2 |     6 |     8 ||    16
 Stab: Distracted        |       |     2 |       |       ||     2
       Sleeping          |       |     1 |     2 |     2 ||     5
       Held in net/web   |       |     1 |     2 |       ||     3
       Invisible         |       |       |       |     1 ||     1
  Eat: Chunk             |     4 |     8 |     7 |    23 ||    42
       Bread ration      |       |       |     2 |       ||     2
       Fruit             |       |       |       |     2 ||     2
